 Dungeon Crawl Stone Soup version 0.28.0-53-g5a82cb258f (webtiles) character file.

Game seed: 7031346337712467200

103012 Tirrikindir the Grappler (level 15, -7/149 HPs)
             Began as a Troll Fighter on Aug 14, 2022.
             Was the Champion of the Shining One.
             Mangled by a deep troll shaman (8 damage)
             ... on level 1 of the Depths on Aug 15, 2022.
             The game lasted 01:29:26 (22217 turns).

Tirrikindir the Grappler (Troll Fighter)           Turns: 22217, Time: 01:29:28

Health: -7/149     AC: 15    Str: 37    XL:     15   Next: 87%
Magic:  20/20      EV: 12    Int:  4    God:    the Shining One [******]
Gold:   1984       SH: 12    Dex: 14    Spells: 14/14 levels left

rFire   . . .      SeeInvis +     - Unarmed
rCold   . . .      Faith    .   O - +1 kite shield {rPois}
rNeg    + + +      Spirit   .   I - +0 swamp dragon scales
rPois   +          Reflect  .   L - +0 hat
rElec   .          Harm     .   i - +2 cloak
rCorr   .          Rampage  .   (gloves unavailable)
Will    ++++.                   (boots unavailable)
Stlth   +.........              P - amulet of the Zealous Plum {rPois Will+++ Regen+ Str-4 Dex-5}
HPRegen 1.94/turn               j - ring "Wopniciph" {Str+7 SInv Stlth+}
MPRegen 0.17/turn               Q - ring of Jealousy {Str+6 Dex+4}

@: glowing
A: large, unfitting armour, claws 3, regeneration 1, shaggy fur 1, tough skin 1
a: Renounce Religion, Divine Shield, Cleansing Flame, Summon Divine Warrior,
Brand Weapon With Holy Wrath


You were on level 1 of the Depths.
You worshipped the Shining One.
The Shining One was exalted by your worship.
You visited 5 branches of the dungeon, and saw 25 of its levels.
You also visited: Gauntlet.

You collected 3267 gold pieces.
You spent 1283 gold pieces at shops.

Inventory:

Hand Weapons
 H - a +5 war axe of flaming
Missiles
 f - 61 poisoned darts
 l - 28 large rocks (quivered)
Armour
 i - a +2 cloak (worn)
 I - +0 swamp dragon scales (worn)
 L - a +0 hat (worn)
 O - a +1 kite shield of poison resistance (worn)
Jewellery
 b - a ring of resist corrosion
 j - the ring "Wopniciph" (left claw) {Str+7 SInv Stlth+}
   (You found it on level 3 of the Dungeon)

   [ring of see invisible]

   Str:       It affects your strength (+7).
   SInv:      It lets you see invisible.
   Stlth:     It makes you more stealthy.
 m - an amulet of reflection
 A - an amulet of guardian spirit
 M - a ring of flight
 P - the amulet of the Zealous Plum (around neck) {rPois Will+++ Regen+ Str-4 Dex-5}
   (You found it in a Gauntlet)

   [amulet of regeneration]

   Str:       It affects your strength (-4).
   Dex:       It affects your dexterity (-5).
   rPois:     It protects you from poison.
   Regen:     It increases your rate of health regeneration.
   Will:      It greatly increases your willpower.
 Q - the ring of Jealousy (right claw) {Str+6 Dex+4}
   (You took it off a minotaur in a Gauntlet)

   [ring of strength]

   Str:       It affects your strength (+6).
   Dex:       It affects your dexterity (+4).
Wands
 e - a wand of digging (2)
 n - a wand of flame (48)
 x - a wand of mindburst (27)
 G - a wand of iceblast (23)
 K - a wand of paralysis (6)
 S - a wand of charming (12)
Scrolls
 a - 4 scrolls of summoning
 k - 3 scrolls of identify
 o - a scroll of brand weapon
 p - 3 scrolls of silence
 q - 2 scrolls of fog
 r - a scroll of magic mapping
 t - 5 scrolls of amnesia
 u - 6 scrolls of teleportation
 C - 5 scrolls of fear
 D - a scroll of immolation
 T - 3 scrolls of blinking
 U - 3 scrolls of holy word
Potions
 c - a potion of might
 d - 4 potions of resistance
 g - 2 potions of brilliance
 h - 4 potions of flight
 s - 4 potions of curing
 w - 3 potions of cancellation
 z - a potion of haste


   Skills:
 * Level 10.2 Fighting
 - Level 5.0 Throwing
 * Level 8.8 Armour
 - Level 10.0 Dodging
 - Level 10.0 Shields
 * Level 14.3 Unarmed Combat
 - Level 8.0 Invocations
 - Level 6.0 Evocations


You had 14 spell levels left.
You didn't know any spells.
Your spell library contained the following spells:

 Spells                   Type           Power      Damage    Failure   Level
 Magic Dart               Conj           0%         1d3       80%         1
 Summon Small Mammal      Summ           0%         N/A       80%         1
 Call Imp                 Summ           0%         N/A       90%         2
 Corpse Rot               Necr/Air       0%         N/A       90%         2
 Ensorcelled Hibernation  Hex/Ice        0%         N/A       90%         2
 Sublimation of Blood     Necr           0%         N/A       90%         2
 Call Canine Familiar     Summ           0%         N/A       99%         3
 Dazzling Flash           Conj/Hex       0%         N/A       99%         3
 Frozen Ramparts          Ice            0%         1d2       99%         3
 Ignite Poison            Fire/Tmut/Pois 0%         N/A       99%         3
 Mephitic Cloud           Conj/Pois/Air  0%         N/A       99%         3
 Portal Projectile        Hex/Tloc       0%         N/A       99%         3
 Stone Arrow              Conj/Erth      0%         3d7       99%         3
 Summon Guardian Golem    Hex/Summ       0%         N/A       99%         3
 Tukima's Dance           Hex            0%         N/A       99%         3
 Airstrike                Air            0%         N/A       100%        4
 Anguish                  Hex/Necr       0%         N/A       100%        4
 Dispel Undead            Necr           0%         3d6       100%        4
 Ice Form                 Ice/Tmut       0%         N/A       100%        4
 Leda's Liquefaction      Hex/Erth       0%         N/A       100%        4
 Petrify                  Tmut/Erth      0%         N/A       100%        4
 Summon Ice Beast         Ice/Summ       0%         N/A       100%        4
 Summon Lightning Spire   Summ/Air       0%         N/A       100%        4
 Agony                    Necr           0%         N/A       100%        5
 Freezing Cloud           Conj/Ice/Air   0%         6-21      100%        5
 Irradiate                Conj/Tmut      0%         3d13      100%        5
 Lightning Bolt           Conj/Air       0%         1d11      100%        5
 Silence                  Hex/Air        0%         N/A       100%        5
 Death Channel            Necr           0%         N/A       100%        6
 Iron Shot                Conj/Erth      0%         9d1       100%        6
 Enfeeble                 Hex            0%         N/A       100%        7
 Malign Gateway           Summ/Tloc      0%         N/A       100%        7
 Orb of Destruction       Conj           0%         9d5       100%        7
 Spellforged Servitor     Conj/Summ      0%         N/A       100%        7
 Death's Door             Necr           0%         N/A       100%        9


Dungeon Overview and Level Annotations

Branches:
Dungeon (15/15)            Temple (1/1) D:6            Lair (6/6) D:9
 Shoals (0/4) Lair:4       Spider (0/4) Lair:3        Slime (0/5) Lair:6
    Orc (2/2) D:12            Elf (0/3) Orc:2        Vaults (0/5) D:13
 Depths (1/4) D:15        Gauntlet (visited)

Altars:
Ashenzari
Cheibriados
Dithmenos
Elyvilon
Fedhas
Gozag
Hepliaklqana
Kikubaaqudgha
Makhleb
Nemelex Xobeh
Okawaru
Qazlal
Ru
Sif Muna
Trog
Uskayaw
Vehumet
Wu Jian
Xom
Yredelemnul
Zin
The Shining One
Beogh
Jiyva

Shops:
D:6 [**:(   D:8 =   D:9 (   Orc:2 *([?(

Annotations:
Orc:2 1 runed translucent door, Lance11888's ghost, novice HOFi


Innate Abilities, Weirdness & Mutations

You are too large for most types of armour.
You have claws for hands.
Your natural rate of healing is unusually fast.
You are covered in fur. (AC +1)
You have tough skin. (AC +1)


Message History

You claw the deep troll!
The deep troll is moderately wounded.
The deep troll bites you. The deep troll claws you!
You block the deep troll's attack.
You mangle the glowing orange brain!!
The glowing orange brain is heavily wounded.
The deep troll closely misses you. You block the deep troll's attack.
The deep troll claws you!!
You claw the glowing orange brain!
The glowing orange brain is severely wounded.
The deep troll bites you!
* * * LOW HITPOINT WARNING * * *
The deep troll claws you but does no damage.
The deep troll claws you.
* * * LOW HITPOINT WARNING * * *
The deep troll misses you. The deep troll barely misses you.
The deep troll claws you but does no damage.
You scratch the glowing orange brain.
The glowing orange brain is severely wounded.
The deep troll bites you!
* * * LOW HITPOINT WARNING * * *
The deep troll closely misses you. You block the deep troll's attack.
You claw the glowing orange brain!
The glowing orange brain is almost dead.
The deep troll closely misses you. You block the deep troll's attack.
The deep troll barely misses you.
You eviscerate the glowing orange brain!!!
You kill the glowing orange brain!
The Shining One accepts your kill.
You feel better. The deep troll bites you!
* * * LOW HITPOINT WARNING * * *
The deep troll claws you.
* * * LOW HITPOINT WARNING * * *
The deep troll claws you!
* * * LOW HITPOINT WARNING * * *
The deep troll shaman bites you! The Shining One protects you from harm!
The deep troll shaman claws you but does no damage.
The deep troll shaman claws you!
You die...

."# .. V.T. ..#
#..##T... ##..#
#....TT# ....# 8.TG.8
...8 ###### #..# (.#
.....####88######Tu###
####.##8....8##8@...8#
#.##......##..T...#
#.^.................#
#...................#
#####################


You could see a green ugly thing, a deep troll (fast, strong) and a deep troll
shaman.

Vanquished Creatures
  Saint Roka (Orc:2)
  Gastronok (D:11)
  A reaper (Gauntlet)
  4 stone giants (Depths:1)
  A minotaur (Gauntlet)
  Snorg (D:12)
  A rakshasa (Depths:1)
  2 great orbs of eyes (Depths:1)
  The ghost of Sikekor the Destroyer, a journeyman DgCj (Lair:2)
  9 hydras
  A boulder beetle (D:11)
  4 catoblepae
  The ghost of Godmorgon the Basher, a novice MiFi of Okawaru (D:6)
  3 two-headed ogres
  7 tengu warriors
  6 centaur warriors
  2 deep troll shamans (Depths:1)
  An orc high priest (Orc:2)
  13 death yaks
  3 skeletal warriors (D:11)
  A glowing orange brain (Depths:1)
  3 wizards
  2 deep elf pyromancers
  2 necromancers
  3 orc knights
  An oklob plant (Lair:1)
  A wolf spider (D:13)
  6 ugly things
  8 orc sorcerers
  3 cyclopes
  7 slime creatures
  3 manticores
  5 elephants (Lair:6)
  4 black mambas
  5 torpor snails
  Maggie (D:8)
  12 cane toads
  2 unseen horrors
  4 centaur skeletons (D:15)
  6 rime drakes
  7 komodo dragons
  2 tengu conjurers (Gauntlet)
  A polar bear (shapeshifter) (D:14)
  5 polar bears
  6 trolls
  3 meliai (D:15)
  A hornet (D:9)
  5 dream sheep
  11 blink frogs
  A centaur simulacrum (D:15)
  A vampire (D:9)
  A shadow (D:10)
  4 wyverns
  A wraith (D:9)
  84 yaks
  3 basilisks
  2 steam dragons
  9 vampire mosquitoes
  4 wargs
  2 acid dragons
  12 water moccasins
  A floating eye (shapeshifter) (D:13)
  37 orc warriors
  13 black bears
  3 sky beasts
  11 wolves
  A tengu (shapeshifter) (D:13)
  3 ogres
  10 centaurs
  6 kobold brigands
  11 bullfrogs
  A gnoll sergeant (D:10)
  3 scorpions
  A water moccasin skeleton (D:5)
  13 killer bees
  6 howler monkeys
  3 vampire bats (Lair:5)
  7 wights
  2 electric eels
  4 bullfrog zombies
  5 centaur zombies
  2 bullfrog skeletons
  A hound (D:5)
  Crazy Yiuf (D:2)
  26 orc priests
  2 gnoll shamans
  3 iguanas
  Ijyb (D:4)
  Natasha (thrice) (D:2)
  22 orc wizards
  2 hound skeletons (D:4)
  11 gnolls
  7 adders
  A shadow imp (Gauntlet)
  A white imp (D:6)
  An adder skeleton (D:5)
  2 worms (D:2)
  4 dart slugs
  115 orcs
  4 endoplasms
  A giant cockroach (D:1)
  6 goblins
  8 hobgoblins
  6 jackals (D:1)
  22 kobolds
  A quokka (D:2)
  6 ball pythons
  11 bats
  6 frilled lizards
  4 rats
  2 bushes
730 creatures vanquished.

Vanquished Creatures (others)
  A butterfly (D:7)
  58 fungi
  239 plants
298 creatures vanquished.

Grand Total: 1028 creatures vanquished

Notes
Turn   | Place    | Note
-------+----------+-------------------------------------------
     0 | D:1      | Tirrikindir the Troll Fighter began the quest for the Orb.
     0 | D:1      | Reached XP level 1. HP: 22/22 MP: 0/0
    69 | D:1      | Reached XP level 2. HP: 29/29 MP: 1/1
   287 | D:1      | Reached XP level 3. HP: 36/36 MP: 2/2
   653 | D:2      | Noticed Natasha
   660 | D:2      | Killed Natasha
   661 | D:2      | Reached skill level 3 in Unarmed Combat
   664 | D:2      | Reached XP level 4. HP: 41/44 MP: 3/3
   733 | D:2      | Found a runed translucent door.
   734 | D:2      | Noticed Crazy Yiuf
   744 | D:2      | Killed Crazy Yiuf
   988 | D:2      | Found a sacrificial altar of Ru.
  1338 | D:2      | Noticed Natasha
  1347 | D:2      | Killed Natasha
  1348 | D:2      | Reached XP level 5. HP: 48/53 MP: 4/4
  1493 | D:2      | Noticed Natasha
  1505 | D:2      | Killed Natasha
  1678 | D:3      | Got Zaufamed's Incunabulum of the Supportive Mountains
  1703 | D:3      | Identified the ring "Wopniciph" {Str+7 SInv Stlth+}
  2062 | D:4      | Reached skill level 4 in Unarmed Combat
  2150 | D:4      | Reached XP level 6. HP: 47/61 MP: 5/5
  2152 | D:4      | Noticed Ijyb
  2165 | D:4      | Killed Ijyb
  2504 | D:4      | Reached XP level 7. HP: 67/67 MP: 6/6
  2545 | D:4      | Reached skill level 1 in Throwing
  2545 | D:4      | Reached skill level 5 in Unarmed Combat
  2596 | D:4      | Found a glowing golden altar of the Shining One.
  2845 | D:4      | Became a worshipper of the Shining One
  2870 | D:5      | Entered Level 5 of the Dungeon
  2897 | D:5      | Reached skill level 1 in Evocations
  3343 | D:5      | Reached skill level 1 in Invocations
  3518 | D:5      | Reached * piety under the Shining One
  3806 | D:6      | Noticed Godmorgon's ghost (novice MiFi)
  3806 | D:6      | Found a runed translucent door.
  3811 | D:6      | Reached XP level 8. HP: 72/78 MP: 7/7
  3823 | D:6      | Found a staircase to the Ecumenical Temple.
  3829 | Temple   | Entered the Ecumenical Temple
  4020 | D:6      | Found Laarif's Weapon Shoppe.
  4066 | D:6      | Found Arighaac's General Store.
  4076 | D:6      | Bought a scroll of enchant weapon for 82 gold pieces
  4076 | D:6      | Bought a potion of cancellation for 88 gold pieces
  4076 | D:6      | Bought a potion of curing for 33 gold pieces
  4076 | D:6      | Bought a scroll of identify for 22 gold pieces
  4092 | D:6      | Identified the +0 scale mail of Action {Regen+}
  4135 | D:6      | Reached skill level 6 in Unarmed Combat
  4246 | D:6      | Found Qiomoek's Book Emporium.
  4256 | D:6      | Found Ihyna's General Store.
  4471 | D:6      | Found Ryif's Antique Armour Boutique.
  4750 | D:7      | Found a hide-covered altar of Uskayaw.
  4750 | D:7      | Reached ** piety under the Shining One
  4809 | D:7      | Reached XP level 9. HP: 69/85 MP: 9/9
  4938 | D:7      | Reached skill level 7 in Unarmed Combat
  5109 | D:7      | Found a white marble altar of Elyvilon.
  5398 | D:8      | Reached skill level 5 in Shields
  5401 | D:8      | Reached skill level 5 in Fighting
  5401 | D:8      | Reached skill level 5 in Dodging
  5401 | D:8      | Reached skill level 8 in Unarmed Combat
  5722 | D:8      | Found Kufeevi's Jewellery Emporium.
  5748 | D:8      | Found a hazy altar of Hepliaklqana.
  5756 | D:8      | Noticed a two-headed ogre
  5761 | D:8      | Killed a two-headed ogre
  5762 | D:8      | Reached skill level 9 in Unarmed Combat
  5762 | D:8      | Reached XP level 10. HP: 35/96 MP: 4/12
  6050 | D:8      | Noticed Maggie
  6066 | D:8      | Killed Maggie
  6260 | D:9      | Reached skill level 10 in Unarmed Combat
  6276 | D:9      | Reached skill level 1 in Armour
  6480 | D:9      | Noticed a two-headed ogre
  6502 | D:9      | Killed a two-headed ogre
  6648 | D:9      | Found Pitiezoa's Antique Weapon Shoppe.
  6651 | D:9      | Reached *** piety under the Shining One
  6665 | D:9      | Reached XP level 11. HP: 104/105 MP: 11/13
  6737 | D:9      | Found a staircase to the Lair.
  6999 | D:9      | Noticed a two-headed ogre
  7005 | D:9      | Killed a two-headed ogre
  7270 | D:9      | Noticed a centaur warrior
  7280 | D:9      | Killed a centaur warrior
  7413 | D:10     | Entered Level 10 of the Dungeon
  7788 | D:10     | Reached skill level 11 in Unarmed Combat
  8124 | D:11     | Noticed a boulder beetle
  8142 | D:11     | Reached **** piety under the Shining One
  8145 | D:11     | Killed a boulder beetle
  8146 | D:11     | Reached skill level 5 in Invocations
  8411 | D:11     | Noticed Gastronok
  8432 | D:11     | Killed Gastronok
  8433 | D:11     | Reached XP level 12. HP: 83/115 MP: 9/14
  8946 | D:12     | Found a gate leading to a gauntlet.
  8954 | Gauntlet | Entered a Gauntlet
  8954 | Gauntlet | Noticed a tengu warrior
  8954 | Gauntlet | Found a transporter.
  8957 | Gauntlet | Found a transporter.
  8959 | Gauntlet | Found a transporter.
  8963 | Gauntlet | Noticed a tengu warrior
  8982 | Gauntlet | Found a transporter.
  8984 | Gauntlet | Found a transporter.
  8993 | Gauntlet | Noticed a green death
  9014 | Gauntlet | Found a transporter.
  9035 | Gauntlet | Found a transporter.
  9036 | Gauntlet | Noticed a reaper
  9051 | Gauntlet | Found a transporter.
  9055 | Gauntlet | Found a transporter.
  9058 | Gauntlet | Found a transporter.
  9083 | Gauntlet | Found a transporter.
  9088 | Gauntlet | Found a transporter.
  9122 | Gauntlet | Found a transporter.
  9123 | Gauntlet | Reached ***** piety under the Shining One
  9139 | Gauntlet | Found a transporter.
  9205 | Gauntlet | Killed a tengu warrior
  9275 | Gauntlet | Killed a tengu warrior
  9320 | Gauntlet | Killed a reaper
  9336 | Gauntlet | Identified the amulet of the Zealous Plum {rPois Will+++
                  | Regen+ Str-4 Dex-5}
  9426 | Gauntlet | Identified the ring of Jealousy {Str+6 Dex+4}
  9426 | Gauntlet | Noticed a minotaur
  9432 | Gauntlet | Killed a minotaur
  9473 | D:12     | Reached skill level 5 in Armour
  9485 | D:12     | Reached skill level 5 in Throwing
  9576 | D:12     | Noticed Snorg
  9584 | D:12     | Killed Snorg
  9716 | D:12     | Found a staircase to the Orcish Mines.
  9920 | Lair:1   | Entered Level 1 of the Lair of Beasts
 10036 | Lair:1   | Reached XP level 13. HP: 118/124 MP: 16/16
 10330 | Lair:1   | Reached skill level 12 in Unarmed Combat
 10886 | Lair:2   | Found a snail-covered altar of Cheibriados.
 11152 | Lair:2   | Found a transporter.
 11319 | Lair:2   | Found a transporter.
 11342 | Lair:2   | Noticed Sikekor's ghost (journeyman DgCj)
 11712 | D:6      | Killed Godmorgon's ghost
 11922 | Lair:3   | Found a hole to the Spider Nest.
 12642 | Lair:4   | Reached skill level 5 in Evocations
 12874 | Lair:4   | Found a staircase to the Shoals.
 12945 | Lair:4   | Identified the +0 scale mail of the Lich-sworn {-Tele rCorr
                  | Int+3}
 13573 | Lair:5   | You fall into a shaft and drop 1 floor!
 13573 | Lair:6   | Entered Level 6 of the Lair of Beasts
 13628 | Lair:6   | Found a shadowy altar of Dithmenos.
 13732 | Lair:6   | Reached ****** piety under the Shining One
 13776 | Lair:6   | Reached XP level 14. HP: 50/137 MP: 14/17
 14835 | Lair:2   | Identified a scroll of acquirement
 14836 | Lair:2   | Acquired 861 gold pieces
 15422 | D:13     | Found a gate to the Vaults.
 15462 | D:13     | Reached skill level 13 in Unarmed Combat
 15589 | D:13     | Found an ornate altar of the Wu Jian Council.
 15590 | D:13     | You fall into a shaft and drop 2 floors!
 15590 | D:15     | Entered Level 15 of the Dungeon
 15660 | D:15     | Got the Tome of Ghastly Snow
 17017 | D:15     | Found a staircase to the Depths.
 17075 | D:15     | Identified the +1 chain mail of Lehaghut {rPois}
 17838 | Lair:6   | Found a viscous altar of Jiyva.
 17838 | Lair:6   | Found a staircase to the Slime Pits.
 17877 | Lair:6   | Reached XP level 15. HP: 123/146 MP: 19/19
 18807 | Orc:1    | Entered Level 1 of the Orcish Mines
 19097 | Orc:1    | HP: 3/149 [orc knight/+0 battleaxe (22)]
 19598 | Orc:2    | Entered Level 2 of the Orcish Mines
 19969 | Orc:2    | Found a bloodstained altar of Trog.
 20174 | Orc:2    | Found a runed translucent door.
 20174 | Orc:2    | Found a shimmering altar of Xom.
 20174 | Orc:2    | Noticed Lance11888's ghost (novice HOFi)
 20175 | Orc:2    | Found a staircase to the Elven Halls.
 20346 | Orc:2    | Found Quiquetz's Magic Scroll Emporium.
 20569 | Orc:2    | Noticed Saint Roka
 20585 | Orc:2    | Killed Saint Roka
 20586 | Orc:2    | Reached skill level 14 in Unarmed Combat
 20600 | Orc:2    | Found Yngehoh's Antique Weapon Shoppe.
 20605 | Orc:2    | Found Myhig's Antique Armour Emporium.
 20681 | Orc:2    | Found Beorphacy's General Store.
 20757 | Orc:2    | Found Qecey's Weapon Shop.
 20859 | Orc:2    | Bought an embroidered cloak for 247 gold pieces
 20898 | Orc:2    | Bought a scroll of teleportation for 51 gold pieces
 20898 | Orc:2    | Bought a scroll of fog for 34 gold pieces
 20898 | Orc:2    | Bought a scroll of fear for 59 gold pieces
 20898 | Orc:2    | Bought a scroll of holy word for 127 gold pieces
 20898 | Orc:2    | Bought a scroll of fear for 59 gold pieces
 20898 | Orc:2    | Bought a scroll of fear for 59 gold pieces
 20946 | Orc:2    | Bought a scroll of magic mapping for 52 gold pieces
 20946 | Orc:2    | Bought a wand of charming (4) for 90 gold pieces
 20946 | Orc:2    | Bought a scroll of blinking for 112 gold pieces
 21159 | D:6      | Bought a wand of mindburst (5) for 126 gold pieces
 21159 | D:6      | Bought a potion of curing for 42 gold pieces
 21587 | Lair:2   | Killed Sikekor's ghost
 21909 | Depths:1 | Entered Level 1 of the Depths
 21918 | Depths:1 | Reached skill level 10 in Fighting
 21927 | Depths:1 | Reached skill level 10 in Shields
 21986 | Depths:1 | Reached skill level 10 in Dodging
 22081 | Depths:1 | Identified the +0 robe "Kiaf" {Fly Will++}
 22217 | Depths:1 | HP: 1/149 [deep troll (10)]
 22217 | Depths:1 | The Shining One protects you from harm!
 22217 | Depths:1 | Mangled by a deep troll shaman

Illustrated notes

Levels and vault maps discovered:
D:1:      grunt_arrival_lava_bath, layout_loops_ring
D:2:      layout_basic, basic_altar, serial_rivers,
          chequers_serial_rivers_micro_d, chequers_serial_rivers_micro_c,
          chequers_serial_rivers_large_b, chequers_serial_rivers_micro_d,
          uniq_natasha, uniq_crazy_yiuf_cottage
D:3:      layout_basic
D:4:      layout_gridville, tso_metal_star, minmay_pentomino_pile, uniq_ijyb
D:5:      layout_basic, serial_bayou_pond_d, minmay_misc_feat_four_crosses
D:6:      layout_rooms, minmay_temple_entry_grid, gammafunk_ghost_grave,
          serial_shops, nicolae_stop_n_shop_2, shop, shop, nicolae_square_shop,
          shop, grunt_decor_mini_mirrors, chequers_serial_rivers_small_b,
          chequers_mini_garden, minmay_misc_feat_more_columns
D:7:      layout_rooms, nicolae_uskayaw_dance_studio,
          nicolae_elyvilon_peaceful_grove
D:8:      layout_gridville, mainiacjoe_overflow_boulevard, serial_shops, shop,
          minmay_door_square, uniq_maggie
D:9:      minmay_s_stair_smasher, layout_basic, lair_entry_dummy, serial_shops,
          shop
D:10:     layout_irregular_city
D:11:     layout_cave_pools, uniq_gastronok
D:12:     layout_basic, orc_0_dummy, gauntlet_entry_generic, uniq_snorg
D:13:     layout_gridville, david_vaults_4, nicolae_wu_jian_wuxing_cycle
D:14:     layout_long_grid, nicolae_concentric_dashed_squares_mild
D:15:     grunt_enter_depths_magical_seal, layout_basic, grunt_decor_one_mirror
Temple:   eino_narrow_crystal_temple
Lair:1:   layout_gridlike, serial_bayou_pond_a, minivault_25,
          minmay_lair_oklob_items
Lair:2:   layout_loops_ring, nzn_ghost_randoct, serial_bayou_pond_c,
          kennysheep_snail_temple
Lair:3:   beast_lair_carwin_large_1, layout_small_grid,
          spider_nest_entry_web_field
Lair:4:   layout_hall_layers, shoals_dummy_entry, nicolae_lair_yak_garden
Lair:5:   layout_hall_layers, serial_bayou_pond_b, roderic_batcave,
          minmay_lair_drake_nest
Lair:6:   evilmike_catoblepas_cave, layout_gridlike, slime_altar_1, basic_altar
Orc:1:    layout_caves, nicolae_orc_pool_cavern
Orc:2:    grunt_orc_community_town_hall, layout_caves,
          grunt_orc_community_big_house_2, grunt_orc_community_big_house_1,
          grunt_orc_community_house_2, grunt_orc_community_house_2,
          grunt_orc_community_house_2, grunt_orc_community_house_2,
          ebering_ghost_xom, serial_shops,
          nicolae_shop_temple_entry_statues_fountains, basic_altar, mines2_david
Depths:1: minmay_blocking_statues, layout_gridville, lightli_too_deep,
          abyss_entry, grunt_ministairs_9, kennysheep_generic_room_10

Skill      XL: |  1  2  3  4  5  6  7  8  9 10 11 12 13 14 15 |
---------------+----------------------------------------------+-----
Unarmed Combat | 3 4 5 6 9 10 11 12 13 14 | 14.3
Dodging        | 3 4 5 6 7 8 9 10 | 10.0
Fighting       | 3 4 5 6 7 8 9 10 | 10.2
Shields        | 3 4 5 6 7 8 9 10 | 10.0
Throwing       | 1 2 3 4 5 |  5.0
Evocations     | 1 2 3 4 5 6 |  6.0
Invocations    | 1 2 4 5 6 7 8 |  8.0
Armour         | 2 4 5 6 7 8 |  8.8

Action                   |  1- 3 |  4- 6 |  7- 9 | 10-12 | 13-15 || total
-------------------------+-------+-------+-------+-------+-------++-------
Melee: Unarmed           |    85 |   140 |   267 |   583 |  1335 ||  2410
       War axe           |       |       |       |       |    78 ||    78
Throw: Dart              |       |     2 |     5 |    16 |    27 ||    50
       Large rock        |       |       |       |       |     2 ||     2
Invok: Divine Shield     |       |       |       |       |     3 ||     3
Evoke: Wand              |       |       |       |     2 |     6 ||     8
  Use: Scroll            |     2 |     4 |     4 |     7 |    14 ||    31
       Potion            |       |     2 |     1 |     4 |     5 ||    12
 Stab: Sleeping          |     1 |     3 |       |       |       ||     4
Armor: Robe              |    22 |    40 |    87 |     3 |       ||   152
       Swamp dragon scal |       |       |       |   187 |   461 ||   648
Dodge: Dodged            |    35 |    40 |   106 |   179 |   563 ||   923
Block: Kite shield       |    36 |    40 |   125 |   196 |   777 ||  1174
